[Event "Early-Titled-Tuesday-Blitz-February-13-2024"]
[Site "Chess.com"]
[Date "2024.02.13"]
[Round "8"]
[White "Kopytkin"]
[Black "zverr1"]
[Result "1-0"]
[WhiteElo "2394"]
[BlackElo "2551"]
[TimeControl "180+1"]
[EndTime "9:34:02 PST"]
[Termination "Kopytkin won by checkmate"]

1. d4 Nf6 2. Bg5 Ne4 3. Bf4 g6 4. f3 Nf6 5. e4 d6 6. Qd2 Bg7 7. Nc3 c6 8. a4 Qa5 9. Nge2 e5 10. dxe5 dxe5 11. Bg5 O-O 12. Nc1 Be6 13. Be2 Na6 14. O-O Rad8 15. Nd3 Nc5 16. b4 Rxd3 17. bxa5 Rxd2 18.
Bxd2 Na6 19. Be3 Nd7 20. Bxa6 bxa6 21. Rab1 Rc8 22. Rfd1 Nf8 23. Bxa7 Bc4 24. Rb8 Rxb8 25. Bxb8 Ne6 26. Rd6 Bh6 27. Rxc6 Be3+ 28. Kh1 Bf1 29. Bxe5 Kf8 30. Nd5 Bg5 31. Rc8+ Nd8 32. Nf6 Ke7 33.
Nxh7 Kd7 34. Ra8 Be3 35. Nf6+ Ke7 36. Nd5+ Kd7 37. Nxe3 Be2 38. Nd5 Nc6 39. Bc3 f5 40. Nb6+ Kc7 41. Nd5+ Kd6 42. Nf4 Bd1 43. exf5 g5 44. h4 gxf4 45. h5 Bxc2 46. h6 Bxf5 47. Rh8 Ne7 48. h7 Ke6 49. Ra8 Bxh7 50. Rxa6+ Kd5 51.
Ra7 Ke6 52. Rb7 Bd3 53. a6 Nd5 54. a7 Nxc3 55. a8=Q Ne2 56. Qc8+ Ke5 57. Re7+ Kd4 58. Qd8+ Kc3 59. Rc7+ Kd2 60. Rd7 Ng3+ 61. Kh2 Nf1+ 62. Kh3 Ke2 63. Rxd3 Ng3 64. Rd2+ Kf1 65. Rd1+ Kf2 66.
Qd2+ Ne2 67. Rf1+ Kxf1 68. Qxe2+ Kxe2 69. a5 Kf2 70. a6 Kf1 71. a7 Kf2 72. a8=Q Kf1 73.
Qb8 Kf2 74. Qxf4 Kg1 75. Qc1+ Kf2 76. f4 Ke2 77. f5 Kd3 78. f6 Ke2 79. f7 Kd3 80. Qe1 Kd4 81. f8=Q Kc4 82. Qd8 Kb3 83. Qed1+ Ka2 84. Q1d2+ Kb3 85. Q2d3+ Kb4 86. Qb6+ Ka4 87. Qdb3# 1-0

[Event "Early-Titled-Tuesday-Blitz-February-13-2024"]
[Site "Chess.com"]
[Date "2024.02.13"]
[Round "8"]
[White "SantoBlue"]
[Black "Rud_Makarian"]
[Result "1/2-1/2"]
[WhiteElo "2976"]
[BlackElo "3039"]
[TimeControl "180+1"]
[EndTime "9:34:04 PST"]
[Termination "Game drawn - insufficient material"]

1. e4 c5 2. Nf3 e6 3. Nc3 Nc6 4.
g3 Nf6 5. Bg2 d6 6. d4 cxd4 7.
Nxd4 Bd7 8. O-O Be7 9. Nce2 O-O 10. c4 a6 11. b3 Nxd4 12. Nxd4 b5 13. cxb5 axb5 14.
Bb2 Qb6 15. Qd2 Rfc8 16. h3 h6 17. Rfd1 b4 18. Nc2 Rab8 19. Ne3 Bc6 20. Nc4 Qa7 21. Nxd6 Bxd6 22. Qxd6 Bxe4 23. Bxf6 Bxg2 24. Kxg2 gxf6 25.
Qf4 Kg7 26. Qg4+ Kf8 27. Qf4 Kg7 28. Rd2 Qa8+ 29. Kh2 Qa5 30. Rad1 Qg5 31. Qe4 Qe5 32. Qf3 h5 33. h4 Rc3 34. Qe2 Qxe2 35. Rxe2 Rbc8 36.
Rdd2 f5 37. Kg2 Kf6 38. Rd4 Rc2 39. Rxc2 Rxc2 40. Rxb4 Rxa2 41. Rb8 e5 42. Rb6+ Kg7 43. Kf3 Rb2 44. Ke3 Rb1 45. Kd3 Rf1 46. Ke2 Rb1 47.
b4 Rb2+ 48. Ke3 Rb3+ 49. Kd2 Rb2+ 50. Ke3 Rb3+ 51. Ke2 Rb2+ 52. Kf1 f6 53. b5 Kg6 54.
Rb8 f4 55. gxf4 e4 56. b6 Kf5 57. b7 Kxf4 58. Rf8 Rxb7 59. Rxf6+ Kg4 60. Re6 Rb4 61. Ke2 Kxh4 62. Rg6 Kh3 63. Ke3 h4 64. Kf4 Kh2 65. Ke3 h3 66. Rg8 Kh1 67. Rg7 h2 68. Rg8 Rb1 69.
Kxe4 Rg1 70. Rh8 Rg2 71. f4 Kg1 72. f5 Rf2 73. Ke5 h1=Q 74. Rxh1+ Kxh1 75. Ke6 Rxf5 76. Kxf5 1/2-1/2

[Event "Early-Titled-Tuesday-Blitz-February-13-2024"]
[Site "Chess.com"]
[Date "2024.02.13"]
[Round "8"]
[White "betta2004"]
[Black "LiamPutnam2008"]
[Result "0-1"]
[WhiteElo "2627"]
[BlackElo "2813"]
[TimeControl "180+1"]
[EndTime "9:34:07 PST"]
[Termination "LiamPutnam2008 won by resignation"]

1. e4 a6 2. d4 b5 3. a4 bxa4 4.
Nc3 a3 5. Rxa3 e6 6. Ra1 Bb7 7. Nf3 Nf6 8. Bd3 Bb4 9. Qe2 d5 10. e5 Ne4 11. Bd2 Nxd2 12. Nxd2 c5 13. dxc5 Nd7 14.
O-O Nxc5 15. Na4 Nxd3 16. cxd3 O-O 17. d4 a5 18. Rfc1 Ba6 19. Qe3 Qe7 20. Nb3 Rac8 21. Nbc5 Bb5 22. b3 Rc6 23. f4 Rfc8 24. Kf2 Bxa4 25. Nxa4 Rc2+ 26. Kg3 g5 27. fxg5 Bd2 28. Rxc2 Rxc2 29. Qf3 Qxg5+ 30. Qg4 Qxg4+ 31. Kxg4 Be3 32. Rd1 Rxg2+ 33. Kf3 Rg1 34. Rd3 Bh6 35. Nc5 Rf1+ 36. Kg2 Rc1 37. Nd7 Rc7 38. Rg3+ Bg7 39. Nf6+ Kh8 40.
Ne8 Rc2+ 41. Kh3 Bh6 42. Nf6 Bg7 43. Ne8 Bh6 44. Nf6 Rc8 45. Kg4 Bg7 46. Kg5 h6+ 47.
Kh5 Bxf6 48. exf6 Rg8 49. Rc3 Kh7 50. h4 Rg6 51. Rf3 Rg1 52. Rc3 Rf1 53. Rc5 Rxf6 54.
Rxa5 Rf5+ 55. Kg4 h5+ 56. Kg3 Kg6 57. b4 Rf1 58. b5 Rb1 59. Kf4 Kf6 60. Kf3 Rb4 61. Ke3 Kf5 62. Ra7 f6 63. Rh7 Kg4 64. Rh6 Rb3+ 65. Kd2 Kf5 66. Rxh5+ Ke4 67. Rh6 Kf5 68.
Rh5+ Kg6 69. Rh8 Rxb5 70. Ke3 Rb3+ 71. Kf4 Rd3 72. Rg8+ Kf7 73. Ra8 Rxd4+ 74. Kg3 e5 75. h5 Kg7 76. Ra6 Rf4 77. Rd6 d4 78. Rd8 Kh6 79.
Rh8+ Kg5 80. h6 Rg4+ 81. Kf3 e4+ 82. Kf2 Rh4 83. h7 Kf4 84. Kg2 d3 85. Kf2 f5 86.
Kg2 e3 87. Rd8 Rxh7 88. Rxd3 Rg7+ 89. Kf1 Kf3 90. Ra3 f4 91. Ra2 Rh7 92. Kg1 Rg7+ 93. Kf1 Rb7 94. Kg1 Rb1+ 95. Kh2 e2 96. Ra3+ Kf2 97.
Ra2 f3 98. Rc2 Kf1 99. Rc3 e1=Q 100. Rxf3+ Qf2+ 0-1

[Event "Early-Titled-Tuesday-Blitz-February-13-2024"]
[Site "Chess.com"]
[Date "2024.02.13"]
[Round "8"]
[White "MyDream003"]
[Black "K_A_S_T_O_R"]
[Result "1/2-1/2"]
[WhiteElo "2725"]
[BlackElo "2870"]
[TimeControl "180+1"]
[EndTime "9:34:10 PST"]
[Termination "Game drawn by repetition"]

1. Nf3 c5 2. c4 Nf6 3. Nc3 e6 4. g3 b6 5. Bg2 Bb7 6. O-O a6 7. Re1 Be7 8. e4 d6 9. d4 cxd4 10. Nxd4 Qc7 11. b3 O-O 12. Bb2 Nbd7 13. Rc1 Rac8 14. h3 Rfe8 15. Qd2 Bf8 16. Nc2 Qb8 17. Kh2 h6 18. Rcd1 Ba8 19. Nd4 Red8 20. Qe2 Re8 21. Qd2 Bb7 22. Rc1 Qa8 23. Rcd1 Nc5 24.
Qe3 Qb8 25. Kh1 Red8 26. Qe2 Ncd7 27. Qe3 Qa8 28. Qe2 Rc7 29. Qe3 Rdc8 30. Rc1 Nc5 31.
Qe2 g6 32. Red1 Bg7 33. f3 Rd8 34. Qf2 Rcc8 35. Nde2 Qb8 36. Nf4 Ba8 37. Rc2 b5 38. cxb5 axb5 39. b4 Ncd7 40. Nd3 d5 41. exd5 Nxd5 42.
Nxd5 Bxd5 43. Bxg7 Kxg7 44. Rdc1 Rxc2 45. Rxc2 Bc4 46.
Nc5 Nxc5 47. bxc5 Qe5 48. f4 Qa1+ 49. Kh2 Rd1 50. c6 Rd8 51. Rd2 Rc8 52. Qe3 h5 53. h4 Bd5 54. Bxd5 exd5 55. Rc2 Qd1 56. Rd2 Qc1 57. Qd4+ Kg8 58. Qxd5 Rxc6 59. Qd8+ Kh7 60. Qd7 Qc4 61. Qe7 Ra6 62. Qe2 Qc6 63. Rc2 Qb7 64. Rb2 b4 65. Rxb4 Rxa2 66. Qxa2 Qxb4 67. Qxf7+ Kh6 68. Qa2 Qe1 69. Qg2 Qe3 70. Qc2 Qf3 71.
Qb2 Kh7 72. Qc2 Qf1 73. Qd2 Qf3 74. Qd7+ Kh6 75. Qd2 Kh7 76. Qg2 Qe3 77. Qf1 Qe4 78. Qf2 Kh6 79. Qa2 Qf3 80. Qb2 Kh7 81. Qa2 Kg7 82.
Qb2+ Kf7 83. Qc2 Kf6 84. Qd2 Kf5 85. Qd7+ Kf6 86. Qd6+ Kf7 87. Qd7+ Kf6 88. Qd8+ Kf7 89. Qd7+ Kf6 1/2-1/2

[Event "Early-Titled-Tuesday-Blitz-February-13-2024"]
[Site "Chess.com"]
[Date "2024.02.13"]
[Round "8"]
[White "Sokoloco"]
[Black "AryanTari"]
[Result "0-1"]
[WhiteElo "2790"]
[BlackElo "2933"]
[TimeControl "180+1"]
[EndTime "9:34:47 PST"]
[Termination "AryanTari won on time"]

1. b3 g6 2. Bb2 Nf6 3. c4 Bg7 4.
g3 O-O 5. Bg2 c5 6. Nf3 Nc6 7. d4 d6 8. O-O Ne4 9. Nc3 Nxc3 10.
Bxc3 Bg4 11. e3 cxd4 12. exd4 Qb6 13. Rc1 d5 14. cxd5 Bxf3 15. Qxf3 Nxd4 16. Qe4 Nf5 17.
Bxg7 Kxg7 18. g4 Nd6 19. Qxe7 Rfe8 20. Qc7 Re2 21. Qc3+ Kg8 22. Rc2 Rxc2 23. Qxc2 Re8 24. Qd2 a5 25. h3 Qb4 26. Qxb4 axb4 27. Rd1 Re2 28. Rd4 Rxa2 29. Rxb4 Kf8 30. g5 Ke7 31. Rd4 Rb2 32. Rd3 b5 33. h4 Kd7 34. Bh3+ Kd8 35.
Bg2 b4 36. Bf3 Kc7 37. Bd1 Kb6 38. Kg2 Kc5 39. Kf3 Nf5 40. h5 Nd4+ 41. Ke4 Nb5 42.
h6 Nc3+ 43. Kf3 Kd6 44. Kg3 Rb1 45. Bf3 Rxb3 46. Bg4 Rb1 47. Rf3 Rc1 48. Rxf7 b3 49.
Rd7+ Kc5 50. d6 b2 51. Rb7 b1=Q 52. Rxb1 Rxb1 53. d7 Rb8 54. Be6 Kd6 55. Bf7 Kxd7 56. Kf4 Ke7 57. Bc4 Nb5 58. Ke5 Nd6 59. Bd3 Rc8 60.
f4 Rc5+ 61. Kd4 Ra5 62. Bc2 Nf5+ 63. Ke4 Kd6 64. Bb3 Ra8 65. Bf7 Rb8 66. Kf3 Ke7 67.
Bd5 Rd8 68. Ke4 Ng3+ 69. Ke5 Nf5 70. Be4 Nd6 71. Bd3 Rf8 72. Be2 Nf7+ 73. Ke4 Nxg5+ 74. fxg5 Rf5 75. Bc4 Rxg5 76. Bg8 Rh5 77. Bxh7 Rxh6 78. Bg8 Kf6 79. Kf4 Rh4+ 80. Kg3 Ra4 81. Bd5 Kg5 82.
Be6 Ra3+ 83. Kg2 Kf4 84. Kf2 Rc3 85. Kg2 Rc2+ 86. Kh3 g5 87. Bd7 Rb2 88. Be6 Rb6 89.
Bd7 Kf3 90. Bg4+ Ke3 91. Kg3 Ke4 92. Bc8 Ke5 93. Kg4 Kf6 94. Bd7 Rd6 95. Bc8 Rc6 96. Bd7 Rc7 97. Bb5 Rb7 98. Bd3 Rb4+ 99. Kg3 Rb3 100.
Kg4 Rxd3 0-1

[Event "Early-Titled-Tuesday-Blitz-February-13-2024"]
[Site "Chess.com"]
[Date "2024.02.13"]
[Round "8"]
[White "Adar_07"]
[Black "Msb2"]
[Result "0-1"]
[WhiteElo "2809"]
[BlackElo "2997"]
[TimeControl "180+1"]
[EndTime "9:34:54 PST"]
[Termination "Msb2 won by resignation"]

1. e4 e6 2. d4 d5 3. exd5 exd5 4.
Bd3 Nc6 5. c3 Bd6 6. Ne2 Nge7 7.
Bf4 Bg4 8. f3 Bh5 9. O-O Bg6 10.
Bxd6 Qxd6 11. Na3 O-O-O 12. Qd2 Rde8 13. Nb5 Qf6 14. Rae1 Bxd3 15. Qxd3 Ng6 16. Ng3 a6 17. Na3 Nf4 18. Qd2 Qg5 19. Kh1 h5 20. Rxe8+ Rxe8 21. Rf2 h4 22. Ne2 Qh6 23. Nxf4 Qxf4 24. Nc2 Qxd2 25. Rxd2 Na5 26. b3 Nc6 27. Kg1 Na7 28. Kf2 Nb5 29. Rd3 Nd6 30. Re3 Rh8 31. Re7 Kd8 32. Re5 c6 33. a4 f6 34. Re1 a5 35.
Ne3 Kd7 36. Rb1 b5 37. axb5 Nxb5 38. c4 dxc4 39. Nxc4 Nxd4 40. Nxa5 Kc7 41. Rd1 Nf5 42. Rc1 Ne7 43. Rc4 g5 44. Re4 Kd6 45. Nc4+ Kd7 46.
Nb6+ Kd6 47. Nc4+ Kd7 48. Rd4+ Kc7 49. Re4 Nd5 50. Re6 Rb8 51. Na5 Rb6 52. g3 hxg3+ 53.
Kxg3 Kd7 54. Re4 Rb5 55. Ra4 Rb8 56. Rc4 Ne7 57. Rd4+ Kc7 58. Re4 Nf5+ 59. Kg4 Rb5 60. b4 Nd6 61. Re7+ Kb6 62. Re6 Rxb4+ 63. Kg3 Nf5+ 64. Kg2 Rb2+ 65. Kh3 Kxa5 66. Rxc6 Rb6 67. Rc5+ Rb5 68. Rc6 Rb6 69. Rc5+ Rb5 70. Rc6 Nd4 71. Rxf6 Kb4 72. Kg4 Kc3 73. h4 gxh4 74. Kxh4 Kd3 75. Kg4 Ke3 76. Rf4 Rb7 77. Re4+ Kd3 78. Rf4 Rg7+ 79.
Kh3 Ke3 80. Rg4 Rh7+ 81. Kg3 Nf5+ 82. Kg2 Nh4+ 83. Kg3 Nxf3 84. Rg8 Nd2 85. Re8+ Ne4+ 86. Kg4 Rf7 87. Re6 Kd4 88. Rc6 Ke5 89. Rb6 Rg7+ 90. Kf3 Rg3+ 91. Ke2 Ra3 92. Rb5+ Kf4 93. Rb8 Ra2+ 94.
Kd1 Ke3 95. Kc1 Kd3 96. Rd8+ Kc4 97. Rc8+ Nc5 98. Kd1 Rh2 99. Ke1 Kd4 100. Rd8+ Ke3 101. Kd1 Ne4 102. Kc1 Rg2 103. Rd7 Nf2 104. Kc2 Ne4+ 105. Kb3 Nc5+ 0-1

[Event "Early-Titled-Tuesday-Blitz-February-13-2024"]
[Site "Chess.com"]
[Date "2024.02.13"]
[Round "8"]
[White "Attacks_Hurricane"]
[Black "Vaibhavraut99"]
[Result "0-1"]
[WhiteElo "2359"]
[BlackElo "2690"]
[TimeControl "180+1"]
[EndTime "9:34:56 PST"]
[Termination "Vaibhavraut99 won by checkmate"]

1. e4 c6 2. d4 d5 3. exd5 cxd5 4. Nf3 Nf6 5. Bb5+ Bd7 6. Bd3 g6 7. O-O Bg7 8. h3 O-O 9. Re1 Nc6 10. c3 Bf5 11.
Bxf5 gxf5 12. Bf4 Kh8 13. Nbd2 e6 14. Ne5 Nxe5 15. Bxe5 Rg8 16. Kh1 Nd7 17. Nf3 Bxe5 18.
Nxe5 Nxe5 19. Rxe5 Qg5 20. Qf3 Rg7 21. Rg1 Rag8 22.
Re2 Qh4 23. Re3 h6 24. Re2 Kh7 25. Re3 Rg4 26. Re2 R4g5 27. Kh2 Rh5 28. Re3 Qg4 29. Qxg4 fxg4 30. Rg3 Rf5 31. Rf1 h5 32. f4 gxh3 33. Rxg8 Kxg8 34. Kxh3 Kg7 35. g4 hxg4+ 36. Kxg4 Rf6 37. a4 Rg6+ 38. Kf3 Rh6 39. Rg1+ Kf6 40. Rg2 Rh3+ 41. Kg4 Rh1 42. b3 Rc1 43. Rg3 a5 44. Rh3 b6 45. Rh6+ Kg7 46. Rh3 Kg6 47. Rg3 Rb1 48.
Kh4+ Kf6 49. c4 Rd1 50. c5 Rxd4 51. cxb6 Rb4 52. Rc3 Rxb6 53. Kg4 d4 54. Rc4 Rd6 55. Kf3 d3 56. Rc1 d2 57. Rd1 Kf5 58. Ke3 Rb6 59. Rxd2 Rxb3+ 60. Kd4 Rb4+ 61. Ke3 Rxa4 62. Rd3 Re4+ 63.
Kf3 Rxf4+ 64. Kg3 a4 65. Rc3 Rg4+ 66. Kf3 e5 67. Rc7 Rf4+ 68. Ke3 f6 69. Ra7 Rh4 70. Ra6 a3 71. Kf2 a2 72. Kg3 Rg4+ 73. Kf2 Rh4 74. Kg2 e4 75. Ra5+ Kf4 76. Rxa2 Rg4+ 77. Kf2 f5 78. Ra4 Rh4 79. Rb4 Rh2+ 80. Kg1 Ra2 81. Rb8 e3 82. Rb4+ Kf3 83. Rb3 Ra1+ 84.
Kh2 f4 85. Rb2 e2 86. Rb3+ Kf2 87. Rb2 f3 88. Rc2 Ra8 89. Kh3 Kf1 90. Kg4 e1=Q 91. Rh2 Qe4+ 92. Kh3 Rh8+ 93. Kg3 Rg8+ 94. Kh3 Qh7# 0-1

[Event "Early-Titled-Tuesday-Blitz-February-13-2024"]
[Site "Chess.com"]
[Date "2024.02.13"]
[Round "9"]
[White "temus_galaktionov"]
[Black "maxip32"]
[Result "1-0"]
[WhiteElo "2886"]
[BlackElo "2669"]
[TimeControl "180+1"]
[EndTime "9:42:35 PST"]
[Termination "temus_galaktionov won by resignation"]

1. d4 e6 2. c4 Nf6 3. Nf3 Bb4+ 4. Nbd2 O-O 5. a3 Bxd2+ 6. Qxd2 d5 7. e3 b6 8. b4 Bb7 9. Bb2 Nbd7 10. Be2 a5 11. c5 axb4 12. axb4 Rxa1+ 13. Bxa1 Qa8 14. O-O Ba6 15. b5 Bc8 16. c6 Nb8 17. Bb2 Nxc6 18.
bxc6 Qxc6 19. Rc1 Qd6 20. Qc3 1-0

[Event "Early-Titled-Tuesday-Blitz-February-13-2024"]
[Site "Chess.com"]
[Date "2024.02.13"]
[Round "9"]
[White "YurasovMat-2012"]
[Black "stollenmonster"]
[Result "0-1"]
[WhiteElo "2677"]
[BlackElo "2892"]
[TimeControl "180+1"]
[EndTime "9:42:54 PST"]
[Termination "stollenmonster won by resignation"]

1. e4 c5 2. Nf3 Nf6 3. e5 Nd5 4. Nc3 e6 5. Nxd5 exd5 6. d4 Nc6 7.
c3 d6 8. Bb5 Be7 9. exd6 Bxd6 10. O-O O-O 11. dxc5 Bxc5 12. Bf4 Bg4 13. h3 Bh5 14.
Bd3 d4 15. Bxh7+ Kxh7 16. Ng5+ Qxg5 0-1

[Event "Early-Titled-Tuesday-Blitz-February-13-2024"]
[Site "Chess.com"]
[Date "2024.02.13"]
[Round "9"]
[White "FoxOnTheRun97"]
[Black "Juicy_Fork"]
[Result "1-0"]
[WhiteElo "2668"]
[BlackElo "2478"]
[TimeControl "180+1"]
[EndTime "9:43:05 PST"]
[Termination "FoxOnTheRun97 won by resignation"]

1. d4 Nf6 2. Bg5 g6 3. Bxf6 exf6 4. e3 Bg7 5. g3 O-O 6. Bg2 d5 7. Ne2 f5 8. O-O c6 9. c4 dxc4 10. Na3 Be6 11. Nf4 Bd5 12. Nxd5 cxd5 13. Qf3 c3 14. Qxd5 Qa5 15. Qxa5 1-0

[Event "Early-Titled-Tuesday-Blitz-February-13-2024"]
[Site "Chess.com"]
[Date "2024.02.13"]
[Round "9"]
[White "ChristianArca"]
[Black "MaxLeto"]
[Result "0-1"]
[WhiteElo "2712"]
[BlackElo "2551"]
[TimeControl "180+1"]
[EndTime "9:43:29 PST"]
[Termination "MaxLeto won by resignation"]

1. Nf3 d5 2. c4 c6 3. g3 Nf6 4.
Bg2 Bf5 5. O-O e6 6. Qb3 Qb6 7.
d3 Be7 8. Be3 Qxb3 9. axb3 a6 10. Nc3 Nbd7 11. Ra4 h6 12. Rfa1 O-O 13. b4 dxc4 14.
dxc4 Bc2 15. c5 Bxa4 16. Nb1 0-1

[Event "Early-Titled-Tuesday-Blitz-February-13-2024"]
[Site "Chess.com"]
[Date "2024.02.13"]
[Round "9"]
[White "ilushka"]
[Black "Yeritsyaan"]
[Result "0-1"]
[WhiteElo "2467"]
[BlackElo "2611"]
[TimeControl "180+1"]
[EndTime "9:43:45 PST"]
[Termination "Yeritsyaan won by resignation"]

1. Nf3 Nf6 2. g3 b6 3. Bg2 Bb7 4. c4 e6 5. d4 Be7 6. O-O O-O 7.
Nc3 d6 8. Qc2 Nbd7 9. e4 e5 10.
h3 Re8 11. Re1 Bf8 12. Be3 g6 13. Rad1 exd4 14. Nxd4 Bg7 15. Nd5 a6 16. b3 Nc5 17.
Bc1 Nxd5 18. exd5 Rxe1+ 19. Rxe1 Bxd4 0-1

[Event "Early-Titled-Tuesday-Blitz-February-13-2024"]
[Site "Chess.com"]
[Date "2024.02.13"]
[Round "9"]
[White "Hanging_pointer"]
[Black "Kobalia"]
[Result "1-0"]
[WhiteElo "2656"]
[BlackElo "2801"]
[TimeControl "180+1"]
[EndTime "9:43:51 PST"]
[Termination "Hanging_pointer won by resignation"]

1. d4 d5 2. c4 c6 3. cxd5 cxd5 4. Nc3 e6 5. Bf4 Bd6 6. Bxd6 Qxd6 7. e3 Ne7 8. Bd3 Nbc6 9. f4 O-O 10. Nf3 Bd7 11. Bxh7+ Kxh7 12. Ng5+ Kg6 13. Qg4 f5 14. Qg3 Kf6 15. e4 Qb4 16. e5+ Kg6 17. O-O-O Rh8 18.
Nxe6+ Kf7 19. Qxg7+ 1-0

[Event "Early-Titled-Tuesday-Blitz-February-13-2024"]
[Site "Chess.com"]
[Date "2024.02.13"]
[Round "9"]
[White "CarlosjPineror"]
[Black "Actuary44"]
[Result "1/2-1/2"]
[WhiteElo "2704"]
[BlackElo "2519"]
[TimeControl "180+1"]
[EndTime "9:43:58 PST"]
[Termination "Game drawn by repetition"]

1. e4 b6 2. d4 Bb7 3. Bd3 e6 4. Qe2 Nf6 5. c3 d5 6. e5 Nfd7 7. f4 c5 8. a3 Nc6 9. Nf3 Qc7 10.
O-O O-O-O 11. b4 c4 12. Bc2 h6 13. f5 exf5 14. Bxf5 Kb8 15. Bf4 Nf6 16. exf6 Qxf4 17.
Ne5 Qh4 18. Nxf7 Bd6 19. Nxh8 Qxh2+ 20. Kf2 Qg3+ 21. Kg1 Qh2+ 22. Kf2 Qg3+ 23. Kg1 Qh2+ 1/2-1/2

[Event "Early-Titled-Tuesday-Blitz-February-13-2024"]
[Site "Chess.com"]
[Date "2024.02.13"]
[Round "9"]
[White "Canal_Showdrez"]
[Black "WiktoriaPOL"]
[Result "0-1"]
[WhiteElo "2085"]
[BlackElo "2281"]
[TimeControl "180+1"]
[EndTime "9:44:25 PST"]
[Termination "WiktoriaPOL won by resignation"]

1. d4 Nf6 2. Nf3 g6 3. e3 Bg7 4. Bd3 d6 5. O-O O-O 6. Nbd2 Nbd7 7. b3 e5 8. dxe5 dxe5 9. Bb2 Re8 10. e4 c6 11. Qe2 Qc7 12. Bc4 b5 13. Bd3 Bb7 14. c4 a6 15. cxb5 cxb5 16. Rac1 Qb6 17. b4 Qd6 18. a3 Rac8 19. Nb3 Rxc1 20. Rxc1 Rc8 21. Rd1 Qe6 22. Na5 Ba8 23. Ba1 Nh5 24. Qb2 Nf4 25. Bb1 Qg4 26. Ne1 Qxd1 0-1

[Event "Early-Titled-Tuesday-Blitz-February-13-2024"]
[Site "Chess.com"]
[Date "2024.02.13"]
[Round "9"]
[White "kakarot_001"]
[Black "kushagramohan"]
[Result "1-0"]
[WhiteElo "2670"]
[BlackElo "2823"]
[TimeControl "180+1"]
[EndTime "9:44:30 PST"]
[Termination "kakarot_001 won by resignation"]

1. d4 Nf6 2. Nf3 g6 3. Bg5 Bg7 4. Bxf6 Bxf6 5. e4 O-O 6. Nc3 c5 7. d5 d6 8. Be2 Bg7 9. O-O a6 10.
a4 Nd7 11. Nd2 Nf6 12. Nc4 b6 13. e5 dxe5 14. Nxe5 Bb7 15. Bf3 Qc7 16. Nc6 Qd6 17. Qe2 Rfe8 18. Rad1 Nd7 19. Ne4 Qc7 20. Nxe7+ Kh8 21.
d6 Qd8 22. Ng5 1-0

[Event "Early-Titled-Tuesday-Blitz-February-13-2024"]
[Site "Chess.com"]
[Date "2024.02.13"]
[Round "9"]
[White "vi_pranav"]
[Black "Adar_07"]
[Result "1-0"]
[WhiteElo "3038"]
[BlackElo "2806"]
[TimeControl "180+1"]
[EndTime "9:44:33 PST"]
[Termination "vi_pranav won by resignation"]

1. e4 c6 2. d4 d5 3. e5 Bf5 4. Nf3 e6 5. Be2 Ne7 6. O-O h6 7. c3 g5 8. Na3 Ng6 9. Nc2 g4 10. Nfe1 h5 11. Bd3 Bxd3 12. Nxd3 Nd7 13. f3 f5 14. exf6 Nxf6 15. Bg5 Be7 16. Bxf6 Bxf6 17.
fxg4 hxg4 18. Qxg4 Nf8 19. Rae1 Be7 20. Qg7 Rh4 21.
Ne5 Qd6 22. Rxf8+ Bxf8 23. Qf7+ Kd8 24. Qxb7 1-0

[Event "Early-Titled-Tuesday-Blitz-February-13-2024"]
[Site "Chess.com"]
[Date "2024.02.13"]
[Round "9"]
[White "Road2GM3000"]
[Black "MokshAD1603"]
[Result "0-1"]
[WhiteElo "2471"]
[BlackElo "2611"]
[TimeControl "180+1"]
[EndTime "9:44:33 PST"]
[Termination "MokshAD1603 won by resignation"]

1. d4 Nf6 2. c4 g6 3. Nc3 d5 4.
Bg5 Bg7 5. e3 O-O 6. Nf3 Ne4 7.
Bh4 Nxc3 8. bxc3 c5 9. cxd5 cxd4 10. cxd4 Qxd5 11. Bxe7 Re8 12. Bb4 Nc6 13. Bc3 Bg4 14. Be2 Rac8 15. O-O Ne5 16. Nxe5 Bxe2 17. Qxe2 Bxe5 18.
Qd2 Bd6 19. Rfc1 Rc4 20. Bb2 Bb4 21. Qd1 b5 22. h3 Rec8 23. Qb3 a5 24. a4 Rxc1+ 0-1

[Event "Early-Titled-Tuesday-Blitz-February-13-2024"]
[Site "Chess.com"]
[Date "2024.02.13"]
[Round "9"]
[White "Darius321"]
[Black "HelvertHernandez"]
[Result "0-1"]
[WhiteElo "2353"]
[BlackElo "1973"]
[TimeControl "180+1"]
[EndTime "9:44:37 PST"]
[Termination "HelvertHernandez won by resignation"]

1. e4 c5 2. d4 cxd4 3. c3 dxc3 4. Nf3 e6 5. Bc4 Nc6 6. O-O Nf6 7. e5 d5 8. Bd3 Nd7 9. Re1 Be7 10. Nxc3 O-O 11. Bf4 f6 12. exf6 Nxf6 13. Ng5 e5 14. Bxe5 Nxe5 15. Rxe5 Ng4 16. Rxd5 Qb6 17. Bxh7+ Kh8 18. Nce4 Nxf2 19. Qh5 Nxe4+ 20. Kh1 Nf2+ 0-1

[Event "Early-Titled-Tuesday-Blitz-February-13-2024"]
[Site "Chess.com"]
[Date "2024.02.13"]
[Round "9"]
[White "marik_spb"]
[Black "Roedor"]
[Result "1-0"]
[WhiteElo "2469"]
[BlackElo "2296"]
[TimeControl "180+1"]
[EndTime "9:44:39 PST"]
[Termination "marik_spb won by resignation"]

1. e4 e5 2. Nf3 Nc6 3. Bc4 Bc5 4. c3 Nf6 5. d3 d6 6. O-O a5 7. a4 Ba7 8. Be3 O-O 9. Nbd2 Be6 10. Bxa7 Rxa7 11. Qe2 Ne7 12. h3 Ng6 13. Qe3 Nh5 14.
Qxa7 Bxh3 15. gxh3 Qd7 16. Qe3 Qxh3 17. Nxe5 Qxe3 18.
fxe3 1-0

[Event "Early-Titled-Tuesday-Blitz-February-13-2024"]
[Site "Chess.com"]
[Date "2024.02.13"]
[Round "9"]
[White "Chessdude1987"]
[Black "Chandradi"]
[Result "1-0"]
[WhiteElo "2392"]
[BlackElo "2502"]
[TimeControl "180+1"]
[EndTime "9:44:55 PST"]
[Termination "Chessdude1987 won by resignation"]

1. e4 c5 2. Nf3 g6 3. c3 Nf6 4. e5 Nd5 5. d4 cxd4 6. cxd4 Nc6 7. Bc4 Nb6 8. Bb3 Bg7 9. O-O O-O 10.
Bg5 d5 11. exd6 Qxd6 12. Re1 Bg4 13. Nc3 e6 14. Ne4 Qc7 15. Nf6+ Kh8 16. Nxg4 f6 17. Be3 Rad8 18. h4 e5 19. d5 f5 20. Ng5 fxg4 21. Ne6 Qe7 22. Bg5 Bf6 23. Nxd8 Rxd8 24. Qxg4 Nd4 25. Qxd4 exd4 26. Rxe7 Bxe7 27. Bxe7 Rd7 28. d6 Nc8 29. Bf6+ 1-0

[Event "Early-Titled-Tuesday-Blitz-February-13-2024"]
[Site "Chess.com"]
[Date "2024.02.13"]
[Round "9"]
[White "maciek_92"]
[Black "MKlose11"]
[Result "1-0"]
[WhiteElo "2815"]
[BlackElo "2644"]
[TimeControl "180+1"]
[EndTime "9:45:29 PST"]
[Termination "maciek_92 won by resignation"]

1. e4 e6 2. d3 d5 3. Nd2 Nf6 4.
Ngf3 Be7 5. g3 b6 6. Bg2 O-O 7. O-O dxe4 8. dxe4 Ba6 9. Re1 Bb7 10. e5 Nfd7 11. Qe2 h6 12. Nf1 Nc6 13. h4 Qc8 14.
N1h2 Rd8 15. Ng4 Nf8 16. Bxh6 gxh6 17. Qe3 Nd4 18. Nxd4 Bxg2 19. Kxg2 h5 20. Nf6+ Bxf6 21. exf6 Qb7+ 22. Kg1 1-0

[Event "Early-Titled-Tuesday-Blitz-February-13-2024"]
[Site "Chess.com"]
[Date "2024.02.13"]
[Round "9"]
[White "Gerodot71"]
[Black "SirGerhard"]
[Result "0-1"]
[WhiteElo "2634"]
[BlackElo "2806"]
[TimeControl "180+1"]
[EndTime "9:45:29 PST"]
[Termination "SirGerhard won by resignation"]

1. e4 c5 2. Nf3 d6 3. d4 cxd4 4. Nxd4 Nf6 5. Nc3 e6 6. Be3 Nc6 7. f3 Be7 8. Qd2 O-O 9. O-O-O d5 10. Qf2 e5 11. Nxc6 bxc6 12. Kb1 Be6 13. Bc1 Qa5 14. Qe1 Qc7 15. b3 Rfb8 16. g4 d4 17. Na4 c5 18.
Nb2 c4 19. f4 d3 20. cxd3 cxb3 21. f5 bxa2+ 22. Ka1 Bb3 23. g5 Nd7 24. f6 Bxd1 25. Qxd1 Nc5 26. Kxa2 Qa5+ 27. Kb1 0-1

[Event "Early-Titled-Tuesday-Blitz-February-13-2024"]
[Site "Chess.com"]
[Date "2024.02.13"]
[Round "9"]
[White "Lion_DL"]
[Black "Goryachkina"]
[Result "0-1"]
[WhiteElo "2490"]
[BlackElo "2702"]
[TimeControl "180+1"]
[EndTime "9:45:38 PST"]
[Termination "Goryachkina won by resignation"]

1. d4 Nf6 2. c4 e6 3. Nf3 d5 4. cxd5 exd5 5. Nc3 c6 6. Qc2 g6 7. Bg5 Be7 8. e3 Bf5 9. Bd3 Bxd3 10. Qxd3 Nbd7 11. O-O O-O 12. Rab1 a5 13. Nd2 Re8 14. f3 c5 15. dxc5 Nxc5 16. Qd4 Ne6 17. Bxf6 Nxd4 18. Bxd4 Rc8 19. Nb3 b6 20. e4 dxe4 21. Nxe4 a4 22.
Nbd2 Qxd4+ 0-1

[Event "Early-Titled-Tuesday-Blitz-February-13-2024"]
[Site "Chess.com"]
[Date "2024.02.13"]
[Round "9"]
[White "Nouali_Mohamed"]
[Black "jcibarra"]
[Result "0-1"]
[WhiteElo "2579"]
[BlackElo "2944"]
[TimeControl "180+1"]
[EndTime "9:46:11 PST"]
[Termination "jcibarra won on time"]

1. e4 c5 2. Nf3 e6 3. d4 cxd4 4. Nxd4 Bc5 5. Nb3 Bb6 6. a4 Nc6 7. Na3 d5 8. exd5 exd5 9. Nb5 Nf6 10. Be2 Ne4 11. O-O O-O 12. Bf3 Ne5 13. Bf4 Ng6 14. Bg3 a6 15. N5d4 f5 16. h3 f4 17. Bh2 Nh4 18. Kh1 Qg5 19. c3 Bd7 20. a5 Bc7 21. Ne2 Rae8 22. Nbd4 Rf6 23. Ng1 Rg6 0-1